 Dungeon Crawl Stone Soup version 0.30-a0-696-g2367cd04db (webtiles) character file.

Game seed: 14786166361595035013

1789 Darius099 the Ruffian (level 8, -12/83 HPs)
             Began as a Troll Berserker on Jan 20, 2023.
             Was an Elder of Trog.
             Mangled by a gnoll sergeant
             ... wielding a +1 spear of venom
              (13 damage)
             ... on level 5 of the Dungeon.
             The game lasted 00:08:50 (3369 turns).

Darius099 the Ruffian (Troll Berserker)             Turns: 3369, Time: 00:08:50

Health: -12/83     AC:  7    Str: 26    XL:     8   Next: 82%
Magic:  7/7        EV: 11    Int:  9    God:    Trog [****..]
Gold:   302        SH:  5    Dex: 11    Spells: 7/7 levels left

rFire   + . .      SeeInvis .      - Unarmed
rCold   . . .      Faith    .    (no shield)
rNeg    . . .      Spirit   .    o - +2 robe {Will+}
rPois   .          Reflect  +    (helmet restricted)
rElec   .          Harm     .    u - +0 cloak
rCorr   .          Rampage  .    (gloves unavailable)
Will    +....                    (boots unavailable)
Stlth   +                        v - amulet of reflection
HPRegen 1.13/turn                i - ring of protection from fire
MPRegen 0.10/turn                c - +6 ring of intelligence

@: lethally poisoned (-12 -> -24)
A: large, unfitting armour, claws 3, regeneration 1, shaggy fur 1, tough skin 1
a: Renounce Religion, Berserk, Trog's Hand, Brothers in Arms


You were on level 5 of the Dungeon.
You worshipped Trog.
Trog was greatly pleased with you.
You visited 1 branch of the dungeon, and saw 6 of its levels.

You collected 302 gold pieces.

Inventory:

Armour
 f - a +0 cloak
 o - a +2 robe of willpower (worn)
 u - a +0 cloak (worn)
Jewellery
 c - a +6 ring of intelligence (right claw)
 i - a ring of protection from fire (left claw)
 v - an amulet of reflection (around neck)
 B - a +6 ring of dexterity
Wands
 s - a wand of roots (4)
 x - a wand of digging (3)
Scrolls
 a - 4 scrolls of teleportation
 b - a scroll of blinking {unknown}
 d - a scroll of fog {unknown}
 q - a scroll of acquirement {unknown}
 r - 2 scrolls of magic mapping {unknown}
 t - a scroll of fear {unknown}
 w - a scroll of immolation {unknown}
 y - 5 scrolls of identify
 C - a scroll of enchant weapon {unknown}
Potions
 e - a potion of attraction {unknown}
 g - a potion of degeneration {unknown}
 h - 2 potions of curing {unknown}
 j - 3 potions of heal wounds
 k - 3 potions of mutation {unknown}
 l - a potion of magic {unknown}
 m - a potion of resistance
 n - a potion of lignification {unknown}
 p - a potion of brilliance {unknown}
 z - a potion of berserk rage {unknown}
 A - a potion of haste {unknown}


   Skills:
 + Level 6.0 Fighting
 + Level 6.0 Dodging
 + Level 7.3 Unarmed Combat


You had 7 spell levels left.
You didn't know any spells.
Your spell library was empty.

Dungeon Overview and Level Annotations

Branches:
Dungeon (6/15)
 Temple: D:4-7

Altars:
Hepliaklqana
Kikubaaqudgha
Okawaru
The Shining One


Innate Abilities, Weirdness & Mutations

You are too large for most types of armour.
You have claws for hands.
Your natural rate of healing is unusually fast.
You are covered in fur. (AC +1)
You have tough skin. (AC +1)


Message History

You feel very sick. The gnoll barely misses you. You block the gnoll's attack.
The gnoll sergeant hits you with a +1 spear of venom!
You are more poisoned.
The gnoll completely misses you.
You claw the gnoll!
You kill the gnoll!
Trog accepts your kill.
You feel extremely sick. The gnoll closely misses you.
The gnoll hits you from afar with a +0 spear.
The gnoll sergeant hits you with a +1 spear of venom!
* * * LOW HITPOINT WARNING * * *
You are more poisoned.
The gnoll attacks as you move away! The gnoll barely misses you.
* * * LOW HITPOINT WARNING * * *
You feel extremely sick.
The gnoll sergeant hits you with a +1 spear of venom.
* * * LOW HITPOINT WARNING * * *
There is a stone staircase leading up, spattered with blood here.
You feel much better.
You feel extremely sick. The gnoll hits you but does no damage.
The gnoll hits you from afar with a +0 spear.
* * * LOW HITPOINT WARNING * * *
You feel extremely sick. The gnoll barely misses you.
The gnoll closely misses you.
The gnoll sergeant hits you with a +1 spear of venom.
* * * LOW HITPOINT WARNING * * *
You are lethally poisoned!
You climb upwards.
* * * LOW HITPOINT WARNING * * *
You feel extremely sick.
There is a stone staircase leading down here.
You claw the gnoll!
The gnoll is almost dead.
* * * LOW HITPOINT WARNING * * *
You feel very sick.
The gnoll sergeant hits you with a +1 spear of venom!
You die...

...............##.# #(...##...###
.....#........###.# #...##.......
.....#.#.....## #.# #.#.##.......
...........#..###.###.#.##.......
(.................##..#.##.......
..................##.##.##.#.####
.....#............##.##.##...#
.......#........g.##.##....######
....<..........)@.....(..........
...............g....##.##########
######.....................######
#...#.....#.......###.......
#..##..[......##....##......
##..###........##.##.##......
##...###.........#.##..#######
#............#......##.#######
####..#.##........#..............


You could see a gnoll sergeant and a gnoll.

Vanquished Creatures
  Sigmund (D:3)
  An orc warrior (D:6)
  A sky beast (D:4)
  A black bear (D:6)
  2 ogres (D:5)
  A centaur (D:5)
  A howler monkey (D:5)
  3 hounds
  2 orc priests
  Crazy Yiuf (D:3)
  A gnoll bouda (D:3)
  A jelly (D:3)
  Jessica (D:3)
  4 iguanas
  5 orc wizards
  Robin (D:4)
  9 gnolls
  10 adders
  An ufetubus (D:5)
  2 worms
  2 dart slugs (D:1)
  9 orcs
  5 endoplasms
  5 giant cockroaches
  9 goblins
  10 hobgoblins
  5 jackals
  10 kobolds
  2 quokkas (D:1)
  5 ball pythons
  4 bats
  2 frilled lizards
  11 rats
128 creatures vanquished.

Vanquished Creatures (collateral kills)
  A water moccasin (D:6)
  A centaur (D:6)
  A scorpion (D:6)
  2 orc wizards (D:6)
5 creatures vanquished.

Vanquished Creatures (others)
  3 plants (D:3)
3 creatures vanquished.

Grand Total: 136 creatures vanquished

Notes
Turn   | Place    | Note
-------+----------+-------------------------------------------
     0 | D:1      | Darius099 the Troll Berserker began the quest for the Orb.
     0 | D:1      | Reached XP level 1. HP: 22/22 MP: 0/0
   100 | D:1      | Reached XP level 2. HP: 28/29 MP: 1/1
   405 | D:1      | Reached XP level 3. HP: 36/36 MP: 2/2
   692 | D:2      | Reached ** piety under Trog
   873 | D:2      | Reached XP level 4. HP: 45/45 MP: 3/3
   897 | D:2      | Found a hazy altar of Hepliaklqana.
  1155 | D:2      | Upgraded the game from 0.30-a0-691-g754fce4c43 to
                  | 0.30-a0-696-g2367cd04db
  1201 | D:3      | Found a runed translucent door.
  1202 | D:3      | Noticed Crazy Yiuf
  1280 | D:3      | Noticed Jessica
  1285 | D:3      | Killed Jessica
  1286 | D:3      | Reached skill level 4 in Unarmed Combat
  1400 | D:3      | Reached XP level 5. HP: 49/53 MP: 4/4
  1522 | D:3      | Noticed Sigmund
  1542 | D:3      | Killed Sigmund
  1543 | D:3      | Reached XP level 6. HP: 34/62 MP: 5/5
  1598 | D:3      | Reached *** piety under Trog
  1794 | D:3      | Reached skill level 5 in Unarmed Combat
  1906 | D:3      | Killed Crazy Yiuf
  1950 | D:4      | Noticed a sky beast
  1956 | D:4      | Killed a sky beast
  1957 | D:4      | Reached XP level 7. HP: 71/71 MP: 6/6
  2251 | D:4      | Noticed Robin
  2270 | D:4      | Killed Robin
  2392 | D:4      | Found an iron altar of Okawaru.
  2452 | D:4      | Reached **** piety under Trog
  2659 | D:4      | Found an ancient bone altar of Kikubaaqudgha.
  2741 | D:5      | Entered Level 5 of the Dungeon
  2837 | D:5      | Reached skill level 6 in Unarmed Combat
  2852 | D:5      | Reached skill level 5 in Fighting
  2852 | D:5      | Reached skill level 5 in Dodging
  2852 | D:5      | Reached XP level 8. HP: 80/80 MP: 7/7
  2859 | D:5      | Found a glowing golden altar of the Shining One.
  3309 | D:6      | Reached skill level 7 in Unarmed Combat
  3369 | D:5      | HP: 1/83 [poisoned by a gnoll sergeant]
  3369 | D:5      | Mangled by a gnoll sergeant

Illustrated notes

Levels and vault maps discovered:
D:1:      minmay_arrival_glassed_features, layout_basic
D:2:      layout_basic, basic_altar, feat_on_display
D:3:      layout_loops_ring, st_stairs_12, nicolae_grassy_gnolls,
          uniq_crazy_yiuf_cottage, uniq_sigmund, uniq_jessica
D:4:      layout_gridville, okawaru_ov_weapons_minmay, general_overflow_altar,
          grunt_ministairs_14, uniq_robin
D:5:      layout_rooms, tso_metal_star, nrook_mini_vaults,
          hangedman_decor_points
D:6:      layout_cave_pools, mainiacjoe_overflow_alcove_4, grunt_ministairs_6

Skill      XL: |  1  2  3  4  5  6  7  8 |
---------------+-------------------------+-----
Dodging        | 3 4 5 6 |  6.0
Fighting       | 3 4 5 6 |  6.0
Unarmed Combat | 4 5 6 7 |  7.3

Action                   |  1- 3 |  4- 6 |  7- 9 || total
-------------------------+-------+-------+-------++-------
Melee: Unarmed           |    91 |    84 |   165 ||   340
       Punch             |     2 |     1 |     4 ||     7
Invok: Berserk           |       |       |     1 ||     1
       Brothers in Arms  |       |       |     1 ||     1
  Use: Scroll            |       |     3 |       ||     3
       Potion            |       |       |     1 ||     1
 Stab: Sleeping          |     1 |       |       ||     1
Armor: Animal skin       |    14 |       |       ||    14
       Robe              |    27 |    28 |    57 ||   112
Dodge: Dodged            |    42 |    35 |   107 ||   184
Block: Other             |       |       |    51 ||    51
       Reflection        |       |       |     2 ||     2

Table legend: (Time is in decaauts)
 A = Elapsed time spent in this place.
 B = Non-inter-level travel time spent in this place.
 C = Inter-level travel time spent in this place.
 D = Time resting spent in this place.
 E = Time spent auto-exploring this place.
 F = Levels seen in this place.
 G = Mean time per level.
                   A        B        C        D        E       F      G
               +--------+--------+--------+--------+--------+-----+--------+
         Total |   3347 |   3208 |    139 |     22 |   2255 |   6 |  557.8 |
       Dungeon |   3347 |   3208 |    139 |     22 |   2255 |   6 |  557.8 |
               +--------+--------+--------+--------+--------+-----+--------+

Top non-repeatable levels by time:
     D:4: 779 daAuts
     D:3: 776 daAuts
     D:1: 664 daAuts
     D:5: 560 daAuts
     D:2: 495 daAuts
     D:6: 72 daAuts
